 Dungeon Crawl Stone Soup version 0.20.0-8-g6b59dc7 (webtiles) character file.

25 miragecloak the Changer (level 3, -10/23 HPs)
             Began as an Octopode Transmuter on June 2, 2017.
             Killed from afar by a white imp (12 damage)
             ... with a puff of frost
             ... summoned by Natasha
             ... on level 2 of the Dungeon.
             The game lasted 00:00:41 (949 turns).

miragecloak the Changer (Octopode Transmuter)        Turns: 949, Time: 00:00:42

Health: -10/23     AC:  1    Str:  9    XL:     3   Next: 4%
Magic:  5/6        EV: 13    Int: 15    God:
Gold:   120        SH:  0    Dex: 13    Spells: 2/6 levels left

rFire    . . .     SeeInvis .     - Unarmed
rCold    . . .     Gourm    .   (no shield)
rNeg     . . .     Faith    .   (helmet restricted)
rPois    .         Spirit   .   (no amulet)
rElec    .         Reflect  .   (no ring)
rCorr    .         Harm     .   (no ring)
MR       .....                  (no ring)
Stlth    ++........             (no ring)
Regen    0.1/turn               (no ring)
MPRegen  0.1/turn               (no ring)
                                (no ring)
                                (no ring)

@: appendage
A: almost no armour, stealthy swim, amphibious, 8 rings, constrict 8, tentacle
spike 3, camouflage 1, gelatinous body 1
a: End Transformation


You were on level 2 of the Dungeon.
You were not hungry.
One of your tentacles had a temporary spike.
You visited 1 branch of the dungeon, and saw 2 of its levels.

You collected 120 gold pieces.

Inventory:

Missiles
 a - 12 arrows
Jewellery
 l - an uncursed ring of fire {unknown}
 n - a cursed -3 ring of strength {unknown}
Scrolls
 e - 3 scrolls of identify {unknown}
 g - a scroll of teleportation {unknown}
 i - 2 scrolls of remove curse {unknown}
 k - a scroll of noise {unknown}
 o - 3 scrolls of fear {unknown}
 p - a scroll of amnesia {unknown}
Potions
 f - a potion of lignification {unknown}
 h - a potion of curing {unknown}
 j - a potion of experience {unknown}
Books
 b - a book of Changes

   Spells                             Type                      Level
   a - Beastly Appendage              Transmutation                1
   b - Sticks to Snakes               Transmutation                2
   c - Spider Form                    Transmutation/Poison         3
   d - Ice Form                       Ice/Transmutation            4
   e - Blade Hands                    Transmutation                5
Comestibles
 c - 3 bread rations
 d - 2 fruits
 m - a meat ration


   Skills:
 - Level 1.0 Fighting
 - Level 2.0 Dodging
 - Level 3.0 Unarmed Combat
 - Level 2.0 Spellcasting
 + Level 3.4 Transmutations
 * Level 0.0 Poison Magic


You had 2 spell levels left.
You knew the following spells:

 Your Spells              Type           Power        Failure   Level  Hunger
a - Beastly Appendage     Tmut           ##....       5%          1    #......
b - Spider Form           Tmut/Pois      #.........   32%         3    ###....


Dungeon Overview and Level Annotations

Branches:
Dungeon (2/15)

Altars:

Annotations:
D:2 Natasha


Innate Abilities, Weirdness & Mutations

You cannot wear most types of armour.
You are very stealthy in the water. (Stealth+)
You are amphibious.
You can wear up to eight rings at the same time.
You can use your tentacles to constrict eight enemies at once.
Your skin changes colour to match your surroundings (Stealth+).
Your rubbery body absorbs attacks. (AC +1, EV +1)
One of your tentacles bears a large vicious spike.


Message History

* * * LOW HITPOINT WARNING * * *
You barely miss Natasha. Your grab misses Natasha.
The goblin barely misses you. Natasha closely misses you.
The white imp gestures at you. The puff of frost misses you.
You barely miss Natasha. You grab Natasha.
You pierce Natasha, but do no damage.
Your squeeze misses Natasha. You constrict Natasha. The goblin hits you.
* * * LOW HITPOINT WARNING * * *
Natasha closely misses you. The white imp closely misses you.
You tentacle-slap Natasha.
Natasha is moderately wounded.
You constrict Natasha. Natasha closely misses you. The goblin misses you.
You tentacle-slap Natasha but do no damage.
Natasha is moderately wounded.
You constrict Natasha. The white imp gestures at you.
The puff of frost hits you!
Ouch! That really hurt!
You die...

# #.
##.###########
............. ....
#####..h5....##
....#
.......@.......
....#
###.#...g....##
....# #........#
....#
########.##..##
....#.###.#......#
....^
..........#.######
#### ....#####.#.#
............#
....#####.#.######


You could see Natasha, a white imp and a goblin.

Vanquished Creatures
  3 dart slugs
  A leopard gecko (D:1)
  A giant cockroach (D:1)
  A goblin (D:1)
  A hobgoblin (D:2)
  A kobold (D:1)
  A quokka (D:2)
  A ball python (D:1)
  4 bats
  A frilled lizard (D:1)
  4 rats (D:2)
19 creatures vanquished.

Notes
Turn   | Place    | Note
-------+----------+-------------------------------------------
     0 | D:1      | miragecloak the Octopode Transmuter began the quest for the Orb.
     0 | D:1      | Reached XP level 1. HP: 13/13 MP: 3/3
   293 | D:1      | Reached XP level 2. HP: 18/18 MP: 3/5
   846 | D:2      | Reached XP level 3. HP: 19/23 MP: 4/6
   851 | D:2      | Learned a level 3 spell: Spider Form
   941 | D:2      | Noticed Natasha
   949 | D:2      | Killed from afar by a white imp

Skill      XL: |  1  2 |
---------------+-------+-----
Transmutations | 3 |  3.4
Fighting       | |  1.0
Dodging        | |  2.0
Unarmed Combat | |  3.0
Spellcasting   | |  2.0

Action                   || total
-------------------------++-------
Melee: Unarmed           ||    40
       Constrict         ||    15
       Tentacles         ||     8
       Kick              ||     7
       Punch             ||     3
 Cast: Beastly Appendage ||    17
 Stab: Sleeping          ||     4
Armor: Skin              ||     2
Dodge: Dodged            ||    40
